 Dungeon Crawl Stone Soup version 0.18.1-47-g9310371 (webtiles) character file.

1935 beastlywrath the Ruffian (level 8, 0/81 HPs)
             Began as a Troll Berserker on June 22, 2016.
             Was an Elder of Trog.
             Slain by a wight
             ... wielding a +0 mace
              (6 damage)
             ... on level 6 of the Dungeon.
             The game lasted 00:13:13 (4608 turns).

beastlywrath the Ruffian (Troll Berserker)          Turns: 4608, Time: 00:13:15

Health: 0/81       AC:  9    Str: 27    XL:     8   Next: 97%
Magic:  16/16      EV: 11    Int:  3    God:    Trog [****..]
Gold:   277        SH:  0    Dex: 10    Spells: 0 memorised, 7 levels left

rFire  + . .     SeeInvis .       - Unarmed
rCold  . . .     Gourm    +     a - +0 animal skin
rNeg   . . .     Faith    .     (no shield)
rPois  .         Spirit   .     (helmet restricted)
rElec  .         Dismiss  .     (no cloak)
rCorr  .         Reflect  .     (gloves unavailable)
SustAt .         Harm     .     (boots unavailable)
MR     .....                    (no amulet)
Stlth  +.........               (no ring)
                                c - ring of magical power

@: drained, invisible, not resistant to hostile enchantments, very unstealthy
A: unfitting armour, claws 3, iridescent scales 1, fire resistance 1, fast
metabolism 3, gourmand, regeneration 2, shaggy fur 1, tough skin 2, evolution 1
a: Berserk, Trog's Hand, Brothers in Arms, Burn Spellbooks, Renounce Religion


You were on level 6 of the Dungeon.
You worshipped Trog.
Trog was greatly pleased with you.
You were completely stuffed.

You visited 1 branch of the dungeon, and saw 6 of its levels.

You collected 277 gold pieces.

Inventory:

Armour
 a - a +0 animal skin (worn)
Jewellery
 c - a ring of magical power (left claw)
Scrolls
 g - a scroll of enchant weapon
 h - a scroll of noise
 i - 2 scrolls of fog
 m - a scroll of remove curse
Potions
 e - 2 potions of curing
 j - a potion of flight {unknown}
 k - a potion of ambrosia {unknown}
 n - a potion of cure mutation
Comestibles
 b - 6 bread rations
 d - 7 chunks of flesh
 l - a meat ration
 p - a slice of pizza
 q - 7 fruits


   Skills:
 + Level 5.6(4.6) Fighting
 + Level 6.2(5.1) Dodging
 + Level 1.7(0.7) Stealth
 + Level 7.3(6.2) Unarmed Combat


You had 7 spell levels left.
You didn't know any spells.

Dungeon Overview and Level Annotations

Branches:
Dungeon (6/15)
 Temple: D:4-7

Altars:
Fedhas


Innate Abilities, Weirdness & Mutations

You are too large for most types of armour.
You have claws for hands.
Your metabolism is lightning-fast.
You like to eat raw meat.
You heal very quickly.
You are covered in fur (AC +1).
You have very tough skin (AC +2).
You are partially covered in iridescent scales (AC +4).
Your flesh is heat resistant.
You evolve.


Message History

The wight is almost destroyed.
You feel less exhausted.
You closely miss the wight.
The wight is almost destroyed.
The wight hits you but does no damage.
You mangle the wight!!
You destroy the wight!
You scratch the wight.
The wight is lightly damaged.
The wight barely misses you. The wight hits you with a mace.
* * * LOW HITPOINT WARNING * * *
You feel drained.
* * * LOW HITPOINT WARNING * * *
You fade into invisibility!
The wight hits you with a war axe!
* * * LOW HITPOINT WARNING * * *
You feel drained.
* * * LOW HITPOINT WARNING * * *
The wight hits you with a mace.
You die...

#)............#......#.###o#
#........#.####......#...aO#
#.............#......#####g##
........#....#......# ##o.#
#########...#.)....####.o.#
##.....................O
######...............###.....
#.................(... ...##
##....#...#.@z.####... .....
#>....######z#.####.# ...##
......... #......... ...#
.#....... ####...... #..#
##....... #..... #.......
.z.## #........ ..... ####


You could see 2 wights.

Vanquished Creatures
  3 phantoms
  A sky beast (D:6)
  4 ogres
  A centaur (D:5)
  A giant frog (D:6)
  A scorpion (D:4)
  7 wights (D:6)
  A jelly (D:5)
  2 crimson imps
  A giant frog zombie (D:6)
  4 orc priests
  A gnoll shaman (D:6)
  A hound (D:5)
  7 worker ants
  2 orc wizards
  A hound zombie (D:5)
  Robin (D:3)
  A howler monkey zombie (D:5)
  5 gnolls
  4 adders
  An ooze (D:2)
  2 worms
  A dart slug (D:2)
  2 giant geckos
  13 orcs
  6 bats
  4 giant cockroaches
  14 goblins
  8 hobgoblins
  4 jackals (D:6)
  11 kobolds
  A quokka (D:3)
  A ball python (D:1)
  8 giant newts
  12 rats
137 creatures vanquished.

Notes
Turn   | Place    | Note
--------------------------------------------------------------
     0 | D:1      | beastlywrath the Troll Berserker began the quest for the Orb.
     0 | D:1      | Reached XP level 1. HP: 22/22 MP: 0/0
   143 | D:1      | Reached XP level 2. HP: 25/29 MP: 1/1
   799 | D:1      | Reached ** piety under Trog
   906 | D:2      | Reached XP level 3. HP: 36/36 MP: 2/2
  1942 | D:3      | Reached skill level 4 in Unarmed Combat
  1976 | D:3      | Reached XP level 4. HP: 44/44 MP: 3/3
  2054 | D:3      | Reached XP level 5. HP: 53/53 MP: 4/4
  2279 | D:3      | Noticed Robin
  2315 | D:3      | Reached *** piety under Trog
  2318 | D:3      | Killed Robin
  2779 | D:4      | Noticed an ogre
  2792 | D:4      | Killed an ogre
  2792 | D:4      | Reached XP level 6. HP: 15/61 MP: 5/5
  3089 | D:4      | Reached skill level 5 in Unarmed Combat
  3121 | D:4      | Reached XP level 7. HP: 40/67 MP: 6/6
  3308 | D:4      | Reached skill level 1 in Stealth
  3404 | D:4      | Found a blossoming altar of Fedhas.
  3669 | D:5      | Entered Level 5 of the Dungeon
  3850 | D:5      | Reached skill level 5 in Dodging
  4197 | D:5      | Reached XP level 8. HP: 45/79 MP: 7/7
  4282 | D:5      | Reached skill level 6 in Unarmed Combat
  4306 | D:5      | Gained mutation: Your flesh is heat resistant. [potion of mutation]
  4306 | D:5      | Gained mutation: You evolve. [potion of mutation]
  4306 | D:5      | Gained mutation: You are partially covered in iridescent scales (AC +4). [potion of mutation]
  4360 | D:6      | Reached **** piety under Trog
  4380 | D:6      | Reached skill level 5 in Fighting
  4488 | D:6      | Reached skill level 7 in Unarmed Combat
  4608 | D:6      | Slain by a wight

Skill      XL: |  1  2  3  4  5  6  7  8 |
---------------+-------------------------+-----
Unarmed Combat | 4 5 7 |  7.3
Fighting       | 3 4 5 |  5.6
Dodging        | 3 4 5 6 |  6.2
Stealth        | 1 |  1.7

Action                   |  1- 3 |  4- 6 |  7- 9 || total
-------------------------+-------+-------+-------++-------
Melee: Unarmed           |   117 |   122 |   167 ||   406
       Punch             |     2 |     2 |     3 ||     7
Invok: Berserk           |       |     2 |     2 ||     4
       Burn Spellbooks   |       |       |     1 ||     1
  Use: Scroll            |     4 |       |    11 ||    15
       Potion            |     2 |     3 |     2 ||     7
 Stab: Sleeping          |     4 |       |       ||     4
  Eat: Chunk             |    22 |    13 |    17 ||    52
Armor: Animal skin       |    43 |    47 |    46 ||   136
Dodge: Dodged            |    59 |    46 |    97 ||   202
